 Dungeon Crawl Stone Soup version 0.20-a0-901-g27f6fa8 (webtiles) character file.

1737551 Leszczynek the Sniper (level 27, 233/233 HPs)
             Began as a Formicid Wanderer on Mar 17, 2017.
             Was the Champion of Okawaru.
             Escaped with the Orb
             ... and 3 runes on Mar 19, 2017!
             The game lasted 05:21:44 (69349 turns).

Leszczynek the Sniper (Formicid Wanderer)          Turns: 69349, Time: 05:21:45

Health: 233/233    AC: 42    Str: 32    XL:     27
Magic:  32/32      EV: 31    Int: 10    God:    Okawaru [******]
Gold:   789        SH: 31    Dex: 22    Spells: 24/35 levels left

rFire    + . .     SeeInvis +   b - +9 heavy crossbow "Sniper" {velocity, Acc+∞ SInv}
rCold    + . .     Gourm    .   R - +12 plate armour of the Monk {rF+ Dex+4}
rNeg     . . .     Faith    .   u - +4 large shield {reflect} {god gift}
rPois    .         Spirit   .   (helmet unavailable)
rElec    +         Reflect  +   o - +2 cloak {rC+}
rCorr    .         Harm     .   Q - +2 pair of gloves {Dex+3} {god gift}
MR       +++..     Clarity  +   O - +2 pair of boots {run}
Stlth    ..........             D - amulet of regeneration
Regen    0.9/turn               r - ring of Shaolin {EV+8}
MPRegen  0.3/turn               E - ring of Jirgho Bomey {rElec MR+ EV+1 Str+3}

@: quick
A: permanent stasis, dig shafts and tunnels, four strong arms, antennae 3, large
bone plates 1, clarity, low mp 1, strong 1
0: Orb of Zot
}: 3/15 runes: serpentine, barnacled, slimy
a: Dig, Shaft Self, Heroism, Finesse, Renounce Religion


You escaped.
You worshipped Okawaru.
Okawaru was exalted by your worship.
You were very full.

You visited 11 branches of the dungeon, and saw 54 of its levels.
You visited 2 bazaars.
You also visited: Bailey and Ice Cave.

You collected 9189 gold pieces.
You spent 8400 gold pieces at shops.

Inventory:

Hand Weapons
 a - the +10 dire flail of the Tooth {god gift, crush, rN+ Dex+3}
   (Okawaru gifted it to you on level 2 of the Shoals)

   It inflicts extra damage upon your enemies.
   It affects your dexterity (+3).
   It protects you from negative energy.
 b - the +9 heavy crossbow "Sniper" (weapon) {velocity, Acc+∞ SInv}
   (You acquired it on level 4 of the Realm of Zot)

   Any bolt fired from it inflicts extra damage.
   It lets you see invisible.
 c - the +1 morningstar of Sloth {antimagic, MP+9 Dex+5}
   (You found it on level 5 of the Pits of Slime)

   It reduces the magical energy of the wielder, and disrupts the spells and
   magical abilities of those hit.
   Natural abilities and divine invocations are not affected.
   It affects your dexterity (+5).
   It affects your magic capacity (+9).
 d - a +5 triple crossbow of velocity {god gift}
Missiles
 T - 2465 bolts (quivered)
 U - 11 throwing nets
Armour
 o - a +2 cloak of cold resistance (worn)
 u - a +4 large shield of reflection (worn) {god gift}
 O - a +2 pair of boots of running (worn)
 Q - a +2 pair of gloves of dexterity (worn) {god gift}
 R - the +12 plate armour of the Monk (worn) {rF+ Dex+4}
   (You found it on level 1 of the Depths)

   It affects your dexterity (+4).
   It protects you from fire.
Jewellery
 r - the ring of Shaolin (right hand) {EV+8}
   (You bought it in a shop on level 2 of the Depths)

   [ring of evasion]

   It affects your evasion (+8).
 s - an uncursed ring of poison resistance
 D - an amulet of regeneration (around neck)
 E - the ring of Jirgho Bomey (left hand) {rElec MR+ EV+1 Str+3}
   (You took it off a deep elf archer on level 3 of the Elven Halls)

   [ring of evasion]

   It affects your evasion (+1).
   It affects your strength (+3).
   It insulates you from electricity.
   It affects your resistance to hostile enchantments.
 N - the ring "Efoesch" {MR+ Stlth+}
   (You took it off a deep elf high priest on level 3 of the Elven Halls)

   [ring of stealth]

   It affects your resistance to hostile enchantments.
   It makes you more stealthy.
 W - an uncursed ring of protection from fire
 X - an uncursed ring of resist corrosion
Wands
 i - a wand of scattershot (6/9)
 k - a wand of digging (19/24)
 A - a wand of clouds (8/9)
 G - a wand of acid (9/15)
 L - a wand of enslavement (17/24)
 Y - a wand of confusion (41/48)
Scrolls
 f - 2 scrolls of holy word {!r}
 h - 23 scrolls of remove curse {@r2}
 m - 3 scrolls of recharging
 p - 8 scrolls of identify {@r1}
 t - 7 scrolls of fear
 x - 2 scrolls of summoning
 z - 6 scrolls of magic mapping
 C - 8 scrolls of fog
Potions
 g - 8 potions of flight
 j - 10 potions of lignification {!q}
 n - 19 potions of heal wounds {@q2}
 v - 5 potions of might
 w - 20 potions of curing {@q1}
 I - 3 potions of resistance
 J - 2 potions of cancellation
 K - 3 potions of agility
 M - 13 potions of mutation {!q}
 P - 7 potions of ambrosia
 V - 2 potions of magic
 Z - a potion of invisibility
Miscellaneous
 e - a fan of gales
 l - 2 sacks of spiders
 y - a lamp of fire
 B - a lightning rod (4/4)
 F - a phial of floods
 H - 2 phantom mirrors
 S - 4 boxes of beasts
Comestibles
 q - 28 meat rations


   Skills:
 - Level 22.4 Fighting
 - Level 18.7 Maces & Flails
   Level 2.0 Polearms
 - Level 22.5 Crossbows
 - Level 20.0 Armour
 - Level 16.0 Dodging
 - Level 2.0 Stealth
 - Level 15.0 Shields
 + Level 4.5 Spellcasting
   Level 1.0 Conjurations
 * Level 8.6 Charms
 * Level 8.5 Necromancy
   Level 4.0 Fire Magic
 - Level 18.1 Invocations
 - Level 16.5 Evocations


You had 24 spell levels left.
You knew the following spells:

 Your Spells              Type           Power        Failure   Level  Hunger
a - Animate Skeleton      Necr           N/A          2%          1    #......
b - Apportation           Tloc           #.....       86%         1    #......
c - Aura of Abjuration    Summ           #.........   100%        5    ######.
d - Summon Butterflies    Summ           #.......     86%         1    #......
q - Regeneration          Chrm/Necr      ###.......   10%         3    ###....


Dungeon Overview and Level Annotations

Branches:
Dungeon (15/15)            Temple (1/1) D:5            Lair (6/6) D:8
 Shoals (4/4) Lair:2        Snake (4/4) Lair:2        Slime (5/5) Lair:6
    Orc (2/2) D:10            Elf (3/3) Orc:2        Vaults (4/5) D:13
  Crypt (0/3) Vaults:2     Depths (5/5) D:15            Zot (5/5) Depths:5

Altars:
Ashenzari
Cheibriados
Dithmenos
Elyvilon
Fedhas
Gozag
Hepliaklqana
Kikubaaqudgha
Makhleb
Nemelex Xobeh
Okawaru
Qazlal
Ru
Sif Muna
Trog
Uskayaw
Vehumet
Wu Jian
Xom
Yredelemnul
Zin
Beogh
Jiyva

Shops:
D:6 [[*   D:7 (   D:9 }(%:   D:11 !   D:14 *   D:15 %   Orc:2 ([}=   Elf:1 :
Snake:1 (   Vaults:2 *%[*}   Depths:1 :?*[   Depths:2 ![[=[

Portals:
Hell: Depths:1 Depths:2 Depths:3 Depths:4 Depths:5
Abyss: Depths:1 Depths:3 Depths:4 Depths:5
Pandemonium: Depths:3
Ziggurat: Depths:5
Trove: D:10 (give 2 scrolls of acquirement)

Annotations:
D:7 Doomer's ghost, novice DrCK
D:14 Azrael in a vault, Azrael
Lair:1 exclusion: oklob plant
Lair:3 ants, Nergalle
Lair:6 kirke, exclusion: oklob plant
Shoals:1 perma bazaar
Orc:2 Saint Roka
Elf:2 3 runed doors


Innate Abilities, Weirdness & Mutations

You cannot be hasted, slowed, berserked, paralysed or teleported.
You can dig through walls and to a lower floor.
Your four strong arms can wield two-handed weapons with a shield.
You have a pair of large antennae on your head. (SInv)
You are partially covered in large bone plates. (SH +4)
You possess an exceptional clarity of mind.
Your magical capacity is low. (-10% MP)
Your muscles are strong. (Str +2)


Message History

You shoot a bolt. The bolt hits the rust devil!
The rust devil is severely wounded.
You block the rust devil's attack. x2
Firing (i - inventory. (,) - cycle):
T - 2466 bolts (quivered)
Press: ? - help, Shift-Dir - straight line, f/p - rust devil
Aim: a rust devil (severely wounded)
You shoot a bolt. The bolt hits the rust devil!!!
You kill the rust devil!
Okawaru accepts your kill.
(D) Dungeon (T) Temple (L) Lair (A) Shoals (P) Snake Pit (M) Slime Pits (O) Orcish Mines (E) Elven Halls (V) Vaults (C) Crypt (U) Depths (H) Hell (Z) Zot
Where to? (Enter - D:1 @ (x,y), ? - help)
You hear a grinding noise.
You hear a grinding noise.
You hear a grinding noise.
You hear a grinding noise.
There is a staircase leading out of the dungeon here.
You have escaped!

###..#########..# #
##.## ##.## #
#..#########..# #####
#.............# #....
#...♣♣♣♣♣♣♣♣♣.# #.###
#..♣..PP..PP♣.# #.#
#..♣...P..PP♣.# #.#
#..♣P...PP..♣.## #.###
#..♣PP.@.P..♣..# #....
##.♣..P...PP♣..#########
#.♣..PP...P♣...........
#.♣PP..P...♣.##.#######
#.♣PP..PP..♣...........
#.♣♣♣♣♣♣♣♣♣...####.....
#.............# #.....
##########....# #.....
###### #.....


There were no monsters in sight!

Vanquished Creatures
  Dissolution (Slime:3)
  Mara (Depths:3)
  6 orbs of fire
  7 juggernauts
  2 ancient liches (Zot:5)
  Boris (Depths:5)
  Sojobo (Vaults:2)
  A curse toe (Zot:5)
  Margery (Depths:3)
  Xtahua (Depths:3)
  6 Killer Klowns (Zot:5)
  Nikola (Shoals:2)
  9 golden dragons
  A Brimstone Fiend (D:13)
  Jorgrun (Vaults:1)
  A Tzitzimitl (Zot:5)
  20 tentacled monstrosities
  2 electric golems (Zot:5)
  27 Orb Guardians
  6 liches
  Asterion (Snake:2)
  2 deep elf blademasters (Elf:3)
  Polyphemus (Shoals:4)
  2 titans
  4 sphinxes
  7 quicksilver dragons
  11 acid blobs (Slime:5)
  A deep elf master archer (Elf:3)
  6 death cobs
  Frances (Elf:1)
  15 storm dragons
  6 shadow dragons
  2 draconian monks (Zot:4)
  Kirke (Lair:6)
  6 tengu reavers
  Donald (Elf:3)
  6 nagarajas
  10 azure jellies
  Ilsuiw (Shoals:4)
  Aizul (Snake:2)
  13 frost giants
  17 fire giants
  10 vault wardens
  10 deep elf sorcerers
  2 ghost moths
  Louise (D:15)
  2 balrugs
  4 iron dragons (Depths:5)
  8 draconian scorchers
  3 draconian knights
  2 deep elf elementalists
  2 orc warlords
  5 draconian stormcallers
  A reaper (D:1)
  4 ironheart preservers
  5 draconian shifters
  A juggernaut skeleton (Depths:4)
  26 stone giants
  7 draconian annihilators
  20 very ugly things
  5 spriggan defenders
  11 deep elf annihilators
  An entropy weaver (Vaults:3)
  5 deep elf demonologists
  6 vampire knights
  17 green draconians
  3 dire elephants
  8 purple draconians
  10 black draconians
  A lorocyproca (Depths:4)
  8 spark wasps
  A blizzard demon (Zot:5)
  12 white draconians
  9 red draconians
  7 yellow draconians
  4 merfolk javelineers
  A green death (Depths:5)
  Josephine (Lair:6)
  20 ettins
  16 fire dragons
  9 deep elf death magi
  6 deep elf high priests
  12 ice dragons
  A jiangshi (Vaults:2)
  7 merfolk impalers
  22 yaktaur captains
  Fannar (Lair:3)
  8 vault guards
  11 ogre magi
  16 great orbs of eyes
  7 spriggan air magi
  18 naga warriors
  7 rakshasas
  7 hydras
  5 merfolk avatars
  2 catoblepae
  A queen ant (Lair:3)
  8 centaur warriors
  5 anacondas
  4 merfolk aquamancers (Shoals:4)
  3 satyrs
  12 dancing weapons
  3 death yaks
  3 vampire magi
  19 deep troll earth magi
  14 deep troll shamans
  24 two-headed ogres
  3 tengu warriors
  2 small abominations
  15 naga sharpshooters
  11 deep elf knights
  6 shock serpents
  An orc high priest (Elf:1)
  11 spriggan berserkers
  3 sun demons
  9 iron trolls
  A shadow wraith (Vaults:1)
  A fire crab (shapeshifter) (Depths:3)
  26 hell knights
  5 glowing orange brains
  11 skeletal warriors
  3 salamander mystics
  An unseen horror (Vaults:1)
  10 sea snakes
  6 wizards
  6 flayed ghosts
  30 deep trolls
  A shadow demon (D:13)
  A spark wasp zombie (Depths:2)
  A phantasmal warrior (Vaults:2)
  3 naga ritualists
  18 deep elf archers
  3 obsidian statues
  15 harpies
  5 oklob plants (Zot:4)
  17 necromancers
  18 orc knights
  17 ugly things
  6 wolf spiders
  7 mana vipers
  17 ironbrand convokers
  5 orc sorcerers
  3 human zombies (Vaults:1)
  An iron dragon zombie (Depths:4)
  44 deep elf magi
  8 cyclopes
  8 salamanders
  24 moths of wrath
  6 elephants
  12 manticores
  16 fauns
  4 shining eyes
  2 fire giant skeletons (Vaults:1)
  A frost giant skeleton (Vaults:1)
  A stone giant skeleton (Depths:2)
  29 naga magi
  5 guardian serpents
  A black mamba (shapeshifter) (Depths:2)
  7 water nymphs
  10 merfolk sirens
  5 rust devils
  A smoke demon (Zot:5)
  28 black mambas
  A guardian serpent (shapeshifter) (Vaults:3)
  A torpor snail (Lair:6)
  13 vault sentinels
  A water nymph (shapeshifter) (Depths:1)
  An eye of devastation (Slime:5)
  2 ice statues (IceCv)
  2 gargoyles
  14 spiny frogs
  A spiny frog (shapeshifter) (Depths:4)
  4 kobold demonologists
  4 rime drakes (Lair:6)
  4 ice devils
  15 komodo dragons
  59 yaktaurs
  2 efreet
  8 trolls
  A hellwing (Depths:2)
  A guardian mummy (D:10)
  A red devil (D:1)
  5 tengu conjurers
  A troll (shapeshifter) (Depths:2)
  6 wind drakes
  A merfolk (shapeshifter) (Depths:4)
  21 polar bears
  A jumping spider (shapeshifter) (Vaults:1)
  36 merfolk
  A wolf spider simulacrum (Vaults:1)
  A meliai (shapeshifter) (Depths:3)
  Prince Ribbit (D:8)
  7 hornets
  An iron dragon simulacrum (Depths:4)
  An ettin zombie (Depths:2)
  20 hippogriffs
  9 dream sheep
  A hippogriff (shapeshifter) (Vaults:2)
  A slime creature (shapeshifter) (Depths:5)
  7 snapping turtles
  2 dream sheep (shapeshifter)
  62 slime creatures
  18 blink frogs
  A frost giant simulacrum (Vaults:4)
  3 spriggans
  2 spriggans (shapeshifter)
  A centaur simulacrum (D:14)
  6 wyverns
  2 redbacks (Vaults:3)
  12 water elementals
  A tarantella (shapeshifter) (Vaults:1)
  7 wraiths
  A shadow (D:13)
  Eustachio (D:6)
  5 air elementals
  8 fire elementals
  42 yaks
  Grum (D:8)
  3 basilisks
  A human (shapeshifter) (D:11)
  5 hogs (Lair:6)
  2 elf zombies (Depths:4)
  A hungry ghost (D:15)
  A golden eye (shapeshifter) (D:14)
  42 nagas
  3 vampire mosquitoes
  Edmund (D:6)
  A soldier ant (shapeshifter) (Depths:1)
  A swamp worm (shapeshifter) (Depths:1)
  2 acid dragons
  10 wargs
  4 soldier ants (Lair:3)
  4 floating eyes
  9 water moccasins
  5 phantoms
  A hell hound (D:14)
  5 porcupines
  2 sky beasts
  A swamp drake (D:10)
  An eye of draining (shapeshifter) (Depths:2)
  80 orc warriors
  A black bear (shapeshifter) (Depths:3)
  3 eyes of draining (Slime:5)
  3 black bears
  11 boggarts
  An ettin simulacrum (Vaults:2)
  An ogre (shapeshifter) (Vaults:2)
  27 ogres
  41 wolves
  15 centaurs
  11 crocodiles
  A big kobold (D:13)
  12 bullfrogs
  An ogre simulacrum (Vaults:1)
  4 earth elementals
  2 human skeletons (Vaults:1)
  A wyvern skeleton (D:15)
  3 scorpions
  2 human simulacra
  15 killer bees
  An orc simulacrum (Vaults:1)
  13 wights
  6 electric eels
  A howler monkey (D:8)
  A lava snake (Lair:4)
  A bullfrog zombie (D:13)
  4 crimson imps
  5 centaur zombies
  2 quasits
  5 centaur skeletons
  9 hounds
  32 orc priests
  Crazy Yiuf (D:6)
  2 bullfrog skeletons
  6 jellies
  43 orc wizards
  4 iguanas
  2 lightning spires (Zot:4)
  21 worker ants
  A hound zombie (D:10)
  3 hound skeletons
  A worker ant zombie (D:9)
  12 adders
  8 gnolls
  4 shadow imps
  13 white imps
  2 ufetubi
  3 oozes
  2 worms
  3 adder skeletons
  6 leopard geckos
  208 orcs
  5 giant cockroaches
  7 goblins
  7 hobgoblins
  14 jackals
  5 quokkas
  4 ball pythons
  9 bats
  3 frilled lizards
  A giant cockroach zombie (D:5)
  11 kobolds
  A quokka skeleton (D:6)
  A quokka zombie (D:5)
  3 rats
  A fungus (D:12)
  2 plants
2486 creatures vanquished.

Vanquished Creatures (collateral kills)
  the Royal Jelly (Slime:5)
  A Killer Klown (Zot:5)
  2 tentacled monstrosities (Zot:5)
  An acid blob (Slime:5)
  A slime creature (Slime:5)
6 creatures vanquished.

Vanquished Creatures (others)
  Vashnia (Snake:2)
  A deep elf master archer (Elf:3)
  A merfolk javelineer (Shoals:4)
  2 yaktaur captains
  2 merfolk aquamancers
  A centaur warrior (Depths:2)
  2 satyrs (Shoals:2)
  4 naga sharpshooters
  A naga ritualist (Snake:4)
  2 deep elf archers
  A deep elf mage (Vaults:1)
  A manticore (Shoals:2)
  2 fauns
  9 yaktaurs
  An air elemental (Elf:1)
  An orc warrior (Vaults:1)
  A wolf (Lair:6)
  4 centaurs (Bailey)
  A crocodile (Lair:6)
  2 orc wizards
  An orc (Vaults:3)
  A bush (Lair:4)
  28 fungi
  60 plants
130 creatures vanquished.

Grand Total: 2622 creatures vanquished

Notes
Turn   | Place    | Note
-------+----------+-------------------------------------------
     0 | D:1      | Leszczynek the Formicid Wanderer began the quest for the Orb.
     0 | D:1      | Leszczynek set off with: a book of Flames, 2 potions of curing {@q1}, a +0 robe, a bread ration, a +0 club
     0 | D:1      | Reached XP level 1. HP: 15/15 MP: 1/1
     0 | D:1      | stats 18/9/10 (6/2/4)
     0 | D:1      | typical
     0 | D:1      | get a normal book start for once
     0 | D:1      | get +2 int paired with it
     0 | D:1      | 9 int fire elementalist, ha ha
     0 | D:1      | and 0 spc of course
   308 | D:1      | Learned a level 1 spell: Flame Tongue
   308 | D:1      | okay, now maybe i won't die
   308 | D:1      | maaaaaaaaaaaaybe
   382 | D:1      | Reached skill level 2 in Stealth
   382 | D:1      | Reached XP level 2. HP: 19/21 MP: 0/3
   683 | D:1      | so little xp on d:1
  1132 | D:2      | -3 cursed spear
  1164 | D:1      | Reached skill level 1 in Spellcasting
  1335 | D:2      | how do you dig below yourself again?
  1335 | D:2      | i need to test it out if i survive this (i won't)
  1349 | D:2      | Reached skill level 1 in Maces & Flails
  1349 | D:2      | Reached XP level 3. HP: 16/26 MP: 4/4
  1841 | D:2      | Reached skill level 2 in Maces & Flails
  2150 | D:1      | You fall through a shaft!
  2252 | D:3      | Found a deep blue altar of Sif Muna.
  2261 | D:3      | Found a sacrificial altar of Ru.
  2413 | D:3      | i don't like ru
  2454 | D:3      | Reached XP level 4. HP: 28/32 MP: 5/5
  2584 | D:3      | curare kobold
  2584 | D:3      | i think his club was cursed
  2584 | D:3      | i see no other reason for why he didn't kill me from afar
  2728 | D:3      | ok, acid, curare, mace, reflection amulet, +2 AC ring, rPois
  2728 | D:3      | i think i'm fine
  2728 | D:3      | i can wait for better gods
  3283 | D:4      | Reached skill level 3 in Maces & Flails
  3403 | D:4      | Reached XP level 5. HP: 21/37 MP: 6/6
  3404 | D:4      | >rpois
  3407 | D:4      | 1 curing left
  3748 | D:4      | Learned a level 1 spell: Animate Skeleton
  3752 | D:4      | Learned a level 3 spell: Regeneration
  3802 | D:4      | Reached skill level 4 in Maces & Flails
  4448 | D:4      | Reached XP level 6. HP: 43/43 MP: 7/7
  4617 | D:4      | Reached skill level 5 in Maces & Flails
  4653 | D:3      | Found a blossoming altar of Fedhas.
  4658 | D:3      | ugh
  4831 | D:4      | Noticed an ogre
  4837 | D:4      | Killed an ogre
  4837 | D:4      | Reached skill level 6 in Maces & Flails
  4837 | D:4      | Reached XP level 7. HP: 48/48 MP: 8/8
  5308 | D:5      | Entered Level 5 of the Dungeon
  5324 | D:5      | Found a staircase to the Ecumenical Temple.
  5335 | Temple   | Entered the Ecumenical Temple
  5336 | Temple   | good
  5336 | Temple   | since i want to win
  5341 | Temple   | Became a worshipper of Warmaster Okawaru
  5342 | Temple   | time for the usual god
  5533 | D:5      | Reached skill level 7 in Maces & Flails
  5987 | D:5      | Reached XP level 8. HP: 52/54 MP: 9/9
  6011 | D:5      | Reached skill level 8 in Maces & Flails
  6218 | D:5      | Reached skill level 1 in Shields
  6261 | D:5      | Reached * piety under Okawaru
  6261 | D:5      | Reached skill level 2 in Fighting
  6261 | D:5      | Reached skill level 1 in Armour
  6261 | D:5      | Reached skill level 2 in Shields
  6286 | D:5      | Found a basalt altar of Yredelemnul.
  6571 | D:5      | Reached skill level 3 in Shields
  6766 | D:6      | Reached skill level 2 in Armour
  6835 | D:6      | Reached skill level 4 in Shields
  6896 | D:6      | Reached skill level 3 in Fighting
  6896 | D:6      | Reached XP level 9. HP: 61/63 MP: 10/10
  6948 | D:6      | Reached skill level 3 in Armour
  6953 | D:6      | Reached skill level 5 in Shields
  7193 | D:6      | Reached ** piety under Okawaru
  7373 | D:6      | Found Wanoaz's Antique Armour Shoppe.
  7500 | D:6      | Reached skill level 4 in Fighting
  7500 | D:6      | Reached skill level 6 in Shields
  7514 | D:6      | Noticed Edmund
  7555 | D:6      | Killed Edmund
  7597 | D:6      | Found a stormy altar of Qazlal.
  7617 | D:6      | Found Zenot's Assorted Antiques.
  7717 | D:6      | Bought an orange potion for 21 gold pieces
  7717 | D:6      | Bought a grey potion for 21 gold pieces
  7755 | D:6      | Reached skill level 9 in Maces & Flails
  7954 | D:6      | Found Ysae's Antique Armour Shop.
  7958 | D:6      | Bought a pair of embroidered boots for 187 gold pieces
  7963 | D:6      | Identified a +2 pair of boots of running (You bought it in a shop on level 6 of the Dungeon)
  7963 | D:6      | ok
  7963 | D:6      | i should win this
  8073 | D:6      | Noticed Eustachio
  8104 | D:6      | Killed Eustachio
  8159 | D:6      | Found a runed door.
  8163 | D:6      | Noticed Crazy Yiuf
  8167 | D:6      | Killed Crazy Yiuf
  8179 | D:6      | invis cloak too
  8414 | D:7      | Noticed Doomer's ghost (novice DrCK)
  8617 | D:7      | Found an opulent altar of Gozag.
  8691 | D:7      | Reached skill level 7 in Shields
  8775 | D:7      | Reached XP level 10. HP: 72/73 MP: 11/11
  8957 | D:7      | Reached *** piety under Okawaru
  8957 | D:7      | Reached skill level 10 in Maces & Flails
  9045 | D:7      | Found a hazy altar of Hepliaklqana.
  9152 | D:7      | Found Juysiodd's Weapon Emporium.
  9567 | D:8      | Noticed a manticore
  9568 | D:8      | ugh
  9590 | D:8      | Killed a manticore
  9590 | D:8      | Reached skill level 8 in Shields
  9709 | D:8      | Noticed Prince Ribbit
  9725 | D:8      | Killed Prince Ribbit
  9738 | D:8      | Reached skill level 11 in Maces & Flails
  9808 | D:8      | Found a radiant altar of Vehumet.
 10017 | D:8      | Found a staircase to the Lair.
 10029 | D:8      | Reached **** piety under Okawaru
 10274 | D:8      | Reached skill level 9 in Shields
 10314 | D:8      | Noticed Grum
 10322 | D:8      | Reached skill level 1 in Invocations
 10338 | D:8      | Killed Grum
 10338 | D:8      | Received a gift from Okawaru
 10338 | D:8      | Reached skill level 2 in Invocations
 10487 | D:9      | Found Naleogiado's Food Shoppe.
 10532 | D:9      | Reached skill level 3 in Invocations
 10545 | D:9      | Found Cuam Kai's Antique Weapon Shoppe.
 10561 | D:9      | Found Ovinuq's Gadget Shop.
 10674 | D:9      | Reached skill level 4 in Invocations
 10674 | D:9      | Reached XP level 11. HP: 75/78 MP: 12/14
 10721 | D:9      | Noticed a two-headed ogre
 10762 | D:9      | Killed a two-headed ogre
 10762 | D:9      | Reached skill level 6 in Invocations
 10968 | D:9      | Reached skill level 7 in Invocations
 11371 | D:9      | Found a roughly hewn altar of Beogh.
 11576 | D:9      | Found a sacrificial altar of Ru.
 11693 | D:9      | Reached skill level 5 in Fighting
 11759 | D:9      | Found Efoshaf's Book Shoppe.
 11907 | D:10     | Entered Level 10 of the Dungeon
 12070 | D:10     | Found a staircase to the Orcish Mines.
 12097 | D:10     | Reached skill level 2 in Evocations
 12538 | D:10     | Found a portal to a secret trove of treasure.
 12539 | D:10     | uhhhhhhhhhh
 12539 | D:10     | okay, what death curse can these guys give
 12539 | D:10     | actually a reaper is possible
 12546 | D:10     | Reached ***** piety under Okawaru
 12546 | D:10     | Reached skill level 12 in Maces & Flails
 12587 | D:10     | Reached skill level 3 in Evocations
 12834 | D:10     | Reached skill level 6 in Fighting
 13154 | D:11     | Reached skill level 4 in Evocations
 13281 | D:11     | Reached skill level 5 in Evocations
 13442 | D:11     | Reached skill level 6 in Evocations
 13690 | D:11     | was worth to go down so much
 13690 | D:11     | +3 dire flail
 13706 | D:11     | Found Qieraogg's Distillery.
 13711 | D:11     | Bought a potion of agility for 72 gold pieces
 13711 | D:11     | Bought a potion of heal wounds for 90 gold pieces
 13711 | D:11     | Bought a potion of mutation for 144 gold pieces
 13711 | D:11     | Bought a potion of agility for 72 gold pieces
 13711 | D:11     | Bought a potion of resistance for 180 gold pieces
 13711 | D:11     | Bought a potion of lignification for 54 gold pieces
 13711 | D:11     | Bought a potion of flight for 54 gold pieces
 13711 | D:11     | Bought a potion of curing for 54 gold pieces
 13711 | D:11     | Bought a potion of curing for 54 gold pieces
 13912 | D:11     | Reached XP level 12. HP: 89/89 MP: 17/17
 14004 | Lair:1   | Entered Level 1 of the Lair of Beasts
 14005 | Lair:1   | Upgraded the game from 0.20-a0-893-g832831a to 0.20-a0-899-g09a9bfb
 14041 | Lair:1   | Reached skill level 7 in Fighting
 14459 | Lair:1   | Found a frozen archway.
 14670 | IceCv    | Entered an ice cave
 14684 | IceCv    | Received a gift from Okawaru
 14806 | IceCv    | Reached skill level 8 in Fighting
 14843 | IceCv    | Reached skill level 9 in Fighting
 15797 | IceCv    | Reached skill level 10 in Fighting
 16024 | IceCv    | Noticed a frost giant
 16025 | IceCv    | frost giant
 16025 | IceCv    | well shit
 16071 | IceCv    | Killed a frost giant
 16071 | IceCv    | Reached skill level 4 in Armour
 16075 | IceCv    | Reached skill level 13 in Maces & Flails
 16678 | Lair:2   | Reached skill level 5 in Armour
 16720 | Lair:2   | Reached ****** piety under Okawaru
 16720 | Lair:2   | Reached XP level 13. HP: 94/103 MP: 18/18
 17150 | Lair:2   | Found a staircase to the Shoals.
 17199 | Lair:2   | Noticed a five-headed hydra
 17218 | Lair:2   | Reached skill level 6 in Armour
 17231 | Lair:2   | Killed a five-headed hydra
 17231 | Lair:2   | Received a gift from Okawaru
 17314 | Lair:2   | Reached skill level 14 in Maces & Flails
 17693 | Lair:2   | Found a staircase to the Snake Pit.
 17925 | Lair:2   | Reached skill level 7 in Armour
 18145 | Lair:3   | Noticed a catoblepas
 18174 | Lair:3   | Killed a catoblepas
 18314 | Lair:3   | Reached skill level 1 in Dodging
 18375 | Lair:3   | Received a gift from Okawaru
 18394 | Lair:3   | Noticed Nergalle
 18668 | Lair:3   | Noticed Fannar
 18718 | Lair:3   | Killed Fannar
 18718 | Lair:3   | Reached skill level 2 in Dodging
 18939 | Lair:3   | Reached skill level 15 in Maces & Flails
 19567 | Lair:4   | Reached skill level 3 in Dodging
 19695 | Lair:4   | Reached XP level 14. HP: 79/110 MP: 19/19
 21157 | Lair:5   | Reached skill level 4 in Dodging
 21458 | Lair:6   | Entered Level 6 of the Lair of Beasts
 21503 | Lair:6   | kirke and avatar ending
 21503 | Lair:6   | woop dee doo
 21543 | Lair:6   | Received a gift from Okawaru
 21584 | Lair:6   | Noticed a dire elephant
 21601 | Lair:6   | Killed a dire elephant
 21695 | Lair:6   | Reached skill level 8 in Armour
 21734 | Lair:6   | Reached skill level 16 in Maces & Flails
 21873 | Lair:6   | Noticed a dire elephant
 21908 | Lair:6   | Killed a dire elephant
 21908 | Lair:6   | Reached skill level 7 in Evocations
 21934 | Lair:6   | Noticed Josephine
 21966 | Lair:6   | Killed Josephine
 21966 | Lair:6   | Reached skill level 11 in Fighting
 22190 | Lair:6   | Reached skill level 8 in Evocations
 22401 | Lair:6   | Reached skill level 12 in Fighting
 22605 | Lair:6   | Found a staircase to the Slime Pits.
 22685 | Lair:6   | Noticed Kirke
 22819 | Lair:6   | Received a gift from Okawaru
 22819 | Lair:6   | Reached XP level 15. HP: 101/120 MP: 21/21
 22825 | Lair:6   | Reached skill level 5 in Dodging
 23350 | Lair:6   | Reached skill level 6 in Dodging
 23907 | Orc:1    | Entered Level 1 of the Orcish Mines
 23910 | D:10     | etting
 23910 | D:10     | *ettin
 24008 | Orc:1    | Found a roughly hewn altar of Beogh.
 24428 | Orc:2    | Entered Level 2 of the Orcish Mines
 24428 | Orc:2    | Found a radiant altar of Vehumet.
 24428 | Orc:2    | Noticed an orc warlord
 24429 | Orc:2    | shit
 24473 | Orc:1    | Killed an orc warlord
 24473 | Orc:1    | Received a gift from Okawaru
 24554 | Orc:2    | Noticed an orc warlord
 24731 | Orc:2    | Found Paty's Gadget Emporium.
 24957 | Orc:2    | Killed an orc warlord
 25056 | Orc:2    | Found a roughly hewn altar of Beogh.
 25097 | Orc:2    | Reached skill level 9 in Armour
 25119 | Orc:2    | Found a staircase to the Elven Halls.
 25241 | Orc:2    | Found a roughly hewn altar of Beogh.
 25255 | Orc:2    | Reached skill level 13 in Fighting
 25489 | Orc:2    | Found a roughly hewn altar of Beogh.
 25505 | Orc:2    | Reached skill level 7 in Dodging
 25529 | Orc:2    | Found Effy's General Store.
 25793 | Orc:2    | Found a roughly hewn altar of Beogh.
 25794 | Orc:2    | Found Xofoleju's Jewellery Boutique.
 25988 | Orc:2    | Noticed Saint Roka
 25988 | Orc:2    | in during
 26145 | Orc:2    | Bought a lamp of fire for 520 gold pieces
 26145 | Orc:2    | i need this against him
 26528 | Orc:2    | Found a roughly hewn altar of Beogh.
 26528 | Orc:2    | Found Bem Diuq's Antique Armour Shoppe.
 26535 | Orc:2    | Found Nuewusab's Antique Weapon Emporium.
 26608 | Orc:2    | Bought an uncursed ring of positive energy for 280 gold pieces
 26661 | Orc:2    | Bought a phial of floods for 520 gold pieces
 26824 | D:12     | Found a flagged portal.
 26853 | Bailey   | Entered a bailey
 26854 | Bailey   | oh boy
 27199 | Bailey   | manual of armor bby
 27200 | Bailey   | and a bardiche
 27203 | Bailey   | Got a brightly glowing bardiche
 27204 | Bailey   | Identified the +5 bardiche "Kiwk" {flame, rF+ Dex+5} (You found it in a bailey)
 27211 | Bailey   | Identified a scroll of acquirement
 27462 | D:12     | Found a roughly hewn altar of Beogh.
 27683 | D:12     | Reached skill level 10 in Armour
 27773 | D:12     | Received a gift from Okawaru
 27837 | D:12     | large shield of reflection
 28370 | D:13     | Reached XP level 16. HP: 98/132 MP: 22/22
 28526 | D:13     | Reached skill level 14 in Fighting
 28562 | D:13     | Found a gate to the Vaults.
 28599 | D:13     | Reached skill level 11 in Armour
 28668 | D:13     | Reached skill level 10 in Shields
 28834 | D:14     | Noticed Azrael
 29073 | D:14     | Found Umodop's General Store.
 29081 | D:14     | Bought a scroll of fear for 45 gold pieces
 29414 | D:14     | i'll skip him for now
 29422 | D:15     | Entered Level 15 of the Dungeon
 29470 | D:15     | Found a white marble altar of Elyvilon.
 29576 | D:15     | Reached skill level 12 in Armour
 29851 | D:15     | Noticed Louise
 29852 | D:15     | this is extremely bad
 29871 | D:15     | Killed Louise
 29872 | D:15     | good
 29880 | D:15     | Reached skill level 11 in Shields
 29917 | D:15     | Found Hibef's Food Emporium.
 30151 | D:15     | Reached skill level 13 in Armour
 30196 | D:15     | Received a gift from Okawaru
 30203 | D:15     | bardiche again
 30203 | D:15     | i have 2 in polearms
 30363 | D:15     | Found a staircase to the Depths.
 30887 | Snake:1  | Entered Level 1 of the Snake Pit
 30888 | Snake:1  | this won't be easy
 30888 | Snake:1  | no rF = salamanders hurt
 31013 | Snake:1  | Reached skill level 9 in Evocations
 31272 | Snake:1  | Reached skill level 12 in Shields
 31695 | Snake:1  | Found Wugutza's Antique Weapon Shoppe.
 31774 | Snake:1  | Received a gift from Okawaru
 31819 | Snake:1  | Bought a glowing great mace for 237 gold pieces
 32007 | Snake:2  | not as hard as i initially thought
 32028 | Snake:2  | Noticed Vashnia
 32135 | Snake:2  | Reached XP level 17. HP: 133/139 MP: 24/24
 32347 | Snake:2  | Noticed Aizul
 32368 | Snake:2  | Killed Aizul
 32503 | Snake:2  | Reached skill level 13 in Shields
 32988 | Snake:2  | Killed Vashnia
 33187 | Snake:2  | Noticed Asterion
 33219 | Snake:2  | Killed Asterion
 33220 | Snake:2  | crazy bastard
 33962 | Snake:3  | Reached skill level 14 in Shields
 34004 | Snake:3  | Reached skill level 17 in Maces & Flails
 34473 | Snake:3  | Received a gift from Okawaru
 35339 | Orc:2    | Bought a cursed amulet of regeneration for 378 gold pieces
 35585 | Snake:4  | Entered Level 4 of the Snake Pit
 36014 | Snake:4  | Reached skill level 15 in Shields
 36128 | Snake:4  | Reached XP level 18. HP: 146/146 MP: 25/25
 36605 | Snake:4  | Reached skill level 14 in Armour
 36980 | Snake:4  | Received a gift from Okawaru
 36980 | Snake:4  | Reached skill level 18 in Maces & Flails
 37023 | Snake:4  | Reached skill level 15 in Armour
 37380 | Snake:4  | Got a serpentine rune of Zot
 37412 | Snake:4  | Learned a level 1 spell: Apportation
 37748 | Shoals:1 | Entered Level 1 of the Shoals
 37837 | Shoals:1 | Reached skill level 10 in Evocations
 37969 | Shoals:1 | Found a gateway to a bazaar.
 38468 | Shoals:2 | Received a gift from Okawaru
 38523 | Shoals:2 | Identified the +10 dire flail of the Tooth {god gift, crush, rN+ Dex+3} (Okawaru gifted it to you on level 2 of the Shoals)
 38524 | Shoals:2 | ooh
 38657 | Shoals:2 | Reached skill level 1 in Crossbows
 38681 | Shoals:2 | Noticed Nikola
 38704 | Shoals:2 | Killed Nikola
 38704 | Shoals:2 | Reached skill level 2 in Crossbows
 38704 | Shoals:2 | Reached XP level 19. HP: 123/153 MP: 26/26
 38913 | Shoals:2 | Reached skill level 3 in Crossbows
 39377 | Shoals:3 | Reached skill level 4 in Crossbows
 39421 | Shoals:3 | Reached skill level 11 in Evocations
 39476 | Shoals:3 | Reached skill level 5 in Crossbows
 39824 | Shoals:3 | Received a gift from Okawaru
 39909 | Shoals:4 | Entered Level 4 of the Shoals
 39909 | Shoals:4 | Noticed Polyphemus
 39916 | Shoals:4 | Noticed Ilsuiw
 40057 | Shoals:4 | Reached skill level 6 in Crossbows
 40091 | Shoals:3 | Reached skill level 15 in Fighting
 40335 | Shoals:4 | Killed Ilsuiw
 40356 | Shoals:4 | Reached skill level 7 in Crossbows
 40405 | Shoals:4 | Got a barnacled rune of Zot
 40468 | Shoals:4 | Identified the amulet of the Philosopher {Faith rElec rPois Str+2 Dex-4} (You acquired it on level 4 of the Shoals)
 40512 | Shoals:4 | Reached skill level 8 in Dodging
 40546 | Shoals:4 | uc manual
 40647 | Shoals:4 | Received a gift from Okawaru
 40647 | Shoals:4 | Reached skill level 8 in Crossbows
 40978 | Shoals:4 | Killed Polyphemus
 40978 | Shoals:4 | Reached skill level 9 in Crossbows
 40978 | Shoals:4 | Reached XP level 20. HP: 133/162 MP: 28/28
 41377 | Vaults:1 | Entered Level 1 of the Vaults
 41603 | Vaults:1 | Reached skill level 9 in Dodging
 41622 | Vaults:1 | Noticed Jorgrun
 41647 | Vaults:1 | Killed Jorgrun
 41647 | Vaults:1 | Reached skill level 10 in Crossbows
 42121 | Vaults:1 | Learned a level 5 spell: Aura of Abjuration
 42213 | Vaults:1 | Received a gift from Okawaru
 42213 | Vaults:1 | Reached skill level 12 in Evocations
 42217 | Vaults:1 | Found a stormy altar of Qazlal.
 42655 | Vaults:1 | Reached skill level 11 in Crossbows
 42948 | Vaults:2 | Found Raycvi's Gadget Emporium.
 42972 | Vaults:2 | Bought a wand of scattershot (4/9) for 408 gold pieces
 42980 | Vaults:2 | Found Soamul's Assorted Antiques.
 43205 | Vaults:2 | Reached skill level 10 in Dodging
 43252 | Vaults:2 | Noticed Sojobo
 43252 | Vaults:2 | Reached skill level 12 in Crossbows
 43283 | Vaults:2 | Killed Sojobo
 43283 | Vaults:2 | Received a gift from Okawaru
 43283 | Vaults:2 | Reached XP level 21. HP: 143/168 MP: 30/30
 43577 | Vaults:2 | Found Paeddaca's Antique Armour Emporium.
 43639 | Vaults:2 | Found a staircase to the Crypt.
 43951 | Vaults:2 | Reached skill level 13 in Crossbows
 43977 | Vaults:2 | Found Tyidilan's Food Shoppe.
 44396 | Vaults:2 | Received a gift from Okawaru
 44474 | Vaults:2 | Found Jasuriun's General Store.
 44534 | Vaults:2 | Bought a potion of might for 60 gold pieces
 44534 | Vaults:2 | Bought a scroll of identify for 30 gold pieces
 44961 | Vaults:3 | Reached skill level 11 in Dodging
 44977 | Vaults:3 | Reached skill level 14 in Crossbows
 45979 | Vaults:4 | Reached skill level 15 in Crossbows
 45979 | Vaults:4 | Reached XP level 22. HP: 176/176 MP: 31/31
 46115 | Vaults:4 | Received a gift from Okawaru
 47475 | Bazaar   | Entered a bazaar
 47485 | Bazaar   | Found Reahem Goak's Jewellery Emporium.
 47493 | Bazaar   | Found Reoruc's General Store.
 47497 | Bazaar   | Found Guteg's Jewellery Emporium.
 47507 | Bazaar   | Found Axaiss's Assorted Antiques.
 47510 | Bazaar   | Found Cunt's Assorted Antiques.
 47515 | Bazaar   | Bought a fine copper amulet for 115 gold pieces
 47516 | Bazaar   | Identified the amulet of Luchot {+Rage +Fly rPois Str+5 Int-4} (You bought it in a shop in a bazaar)
 47531 | Bazaar   | Bought the amulet of the Air {Inacc +Fly rElec EV+5 RMsl} for 523 gold pieces
 47539 | Bazaar   | Bought a phantom mirror for 240 gold pieces
 47556 | Bazaar   | Bought a scroll of enchant armour for 150 gold pieces
 47574 | Bazaar   | Bought a scroll of enchant weapon for 60 gold pieces
 47574 | Bazaar   | Bought a potion of mutation for 64 gold pieces
 47820 | Elf:1    | Entered Level 1 of the Elven Halls
 47861 | Elf:1    | honestly i don't even have to come here
 47963 | Elf:1    | Found Navieraw's Book Emporium.
 48219 | Elf:1    | Noticed Frances
 48228 | Elf:1    | Killed Frances
 48228 | Elf:1    | Reached skill level 16 in Crossbows
 48552 | Elf:1    | Reached skill level 16 in Fighting
 48631 | Elf:1    | Received a gift from Okawaru
 48967 | Elf:2    | Received a gift from Okawaru
 49052 | Elf:2    | Found a runed gate.
 49053 | Elf:2    | Found a runed gate.
 49055 | Elf:2    | Found a runed gate.
 49235 | Elf:2    | swiftness?
 49235 | Elf:2    | is this doing anything?
 49415 | Elf:3    | Entered Level 3 of the Elven Halls
 49559 | Elf:3    | Received a gift from Okawaru
 49782 | Elf:3    | Noticed Donald
 49796 | Elf:3    | Killed Donald
 49884 | Elf:3    | Found a gateway to a bazaar.
 49885 | Elf:3    | another bazaar, lol
 49885 | Elf:3    | perma too
 49936 | Elf:3    | Reached skill level 17 in Crossbows
 50488 | Elf:3    | Identified the ring of Jirgho Bomey {rElec MR+ EV+1 Str+3} (You took it off a deep elf archer on level 3 of the Elven Halls)
 50490 | Elf:3    | ice
 50490 | Elf:3    | nice
 50561 | Elf:3    | Reached XP level 23. HP: 186/186 MP: 32/32
 50939 | Elf:3    | Reached skill level 17 in Fighting
 51073 | Elf:3    | Reached skill level 18 in Crossbows
 51076 | Elf:3    | Identified the +6 scale mail of Fashionability {rN+ MR+} (You took it off a deep elf blademaster on level 3 of the Elven Halls)
 51077 | Elf:3    | Identified the ring "Efoesch" {MR+ Stlth+} (You took it off a deep elf high priest on level 3 of the Elven Halls)
 51187 | Elf:3    | Identified the Compendium of the Warped Mountains
 51192 | Elf:3    | Identified the amulet "Cijuajev" {Reflect Int+10 SH+2} (You found it on level 3 of the Elven Halls)
 51193 | Elf:3    | wow
 51193 | Elf:3    | but no
 51253 | Elf:3    | Received a gift from Okawaru
 51257 | Elf:3    | Identified the Collected Works on Warped Curses
 51259 | Elf:3    | manual of shields
 51263 | Elf:3    | Identified Plog's Almanac of Flight and Black Arts
 51353 | Elf:3    | Identified the Reference Book on Lucky Feathers
 51603 | Bazaar   | Entered a bazaar
 51622 | Bazaar   | Found Meprado's Gadget Emporium.
 51658 | Bazaar   | Found Kilabuh's Magic Scroll Emporium.
 51699 | Bazaar   | Found Rimynapt's Gadget Boutique.
 51730 | Bazaar   | Found Tunieh's Magic Scroll Emporium.
 51782 | Bazaar   | Bought a box of beasts for 180 gold pieces
 51782 | Bazaar   | Bought a box of beasts for 180 gold pieces
 51818 | Bazaar   | Bought a scroll of identify for 16 gold pieces
 51818 | Bazaar   | Bought a scroll of holy word for 60 gold pieces
 51818 | Bazaar   | Bought a scroll of enchant armour for 60 gold pieces
 51818 | Bazaar   | Bought 3 scrolls of fear for 84 gold pieces
 51869 | Bazaar   | Bought a scroll of recharging for 133 gold pieces
 51869 | Bazaar   | Bought a scroll of identify for 28 gold pieces
 51869 | Bazaar   | Bought a scroll of identify for 28 gold pieces
 51869 | Bazaar   | Bought a scroll of identify for 28 gold pieces
 51869 | Bazaar   | Bought a scroll of identify for 28 gold pieces
 52189 | Depths:1 | Entered Level 1 of the Depths
 52514 | Depths:1 | Found a gateway to Hell.
 52584 | Depths:1 | Reached skill level 18 in Fighting
 52866 | Depths:1 | Found a one-way gate to the infinite horrors of the Abyss.
 52933 | Depths:1 | Upgraded the game from 0.20-a0-899-g09a9bfb to 0.20-a0-901-g27f6fa8
 53199 | Depths:1 | Reached skill level 19 in Fighting
 53353 | Depths:1 | Reached XP level 24. HP: 172/201 MP: 32/32
 53436 | Depths:1 | Received a gift from Okawaru
 53439 | Depths:1 | lol
 53439 | Depths:1 | hat of the alchemist
 53439 | Depths:1 | fucking formicids and their antennae
 53634 | Depths:1 | Identified the +12 plate armour of the Monk {rF+ Dex+4} (You found it on level 1 of the Depths)
 53635 | Depths:1 | wow
 53650 | Depths:1 | Noticed a juggernaut
 53670 | Depths:1 | Killed a juggernaut
 53670 | Depths:1 | Reached skill level 20 in Fighting
 53705 | Depths:1 | Found Toucw's General Store.
 53707 | Depths:1 | Found Ceimeteubb's Armour Shoppe.
 53709 | Depths:1 | Found Huqecahu's Magic Scroll Shop.
 53711 | Depths:1 | Found Jelatrofi's Book Shoppe.
 53750 | Depths:1 | Bought a scroll of fog for 30 gold pieces
 53750 | Depths:1 | Bought a scroll of enchant weapon for 112 gold pieces
 53751 | Depths:1 | Bought a scroll of enchant armour for 112 gold pieces
 53757 | Depths:1 | let's see how hard it will be to cast a level 3 spell
 53757 | Depths:1 | with 10 int and a plate
 53826 | Depths:1 | Received a gift from Okawaru
 53826 | Depths:1 | Reached skill level 1 in Charms
 53826 | Depths:1 | Reached skill level 1 in Necromancy
 53988 | Depths:1 | Reached skill level 2 in Charms
 53999 | Depths:1 | Reached skill level 2 in Necromancy
 54060 | Depths:2 | Received a gift from Okawaru
 54060 | Depths:2 | Reached skill level 3 in Charms
 54060 | Depths:2 | Reached skill level 3 in Necromancy
 54152 | Depths:2 | Received a gift from Okawaru
 54197 | Depths:2 | Found Ifinioph's Armour Shop.
 54217 | Depths:2 | Reached skill level 4 in Necromancy
 54220 | Depths:2 | Reached skill level 4 in Charms
 54301 | Depths:2 | Found Ceorrom's Armour Shoppe.
 54428 | Depths:2 | Reached skill level 5 in Charms
 54428 | Depths:2 | Reached skill level 5 in Necromancy
 54432 | Depths:2 | hm, this seems silly
 54444 | Depths:2 | normal fighters with support spells would be able to cast regen by now
 54444 | Depths:2 | or maybe 1 level more
 54444 | Depths:2 | but i'm at 78%
 54447 | Depths:2 | even animate skeleton is at 28
 54447 | Depths:2 | i think i won't bother
 54518 | Depths:2 | and since i won't bother i might as well just dive
 54969 | Lair:6   | Killed Kirke
 54996 | Slime:1  | Entered Level 1 of the Pits of Slime
 55049 | Slime:1  | Received a gift from Okawaru
 55134 | Slime:4  | Noticed Dissolution
 55143 | Slime:3  | Killed Dissolution
 55143 | Slime:3  | Received a gift from Okawaru
 55143 | Slime:3  | Reached skill level 13 in Evocations
 55197 | Slime:4  | Reached XP level 25. HP: 212/212 MP: 32/32
 55236 | Slime:5  | Entered Level 5 of the Pits of Slime
 55238 | Slime:5  | Gained mutation: You expend magic power (3 MP) to strengthen your wands. [a shining eye]
 55395 | Slime:5  | Found a viscous altar of Jiyva.
 55396 | Slime:5  | Noticed the Royal Jelly
 55406 | Slime:5  | Killed the Royal Jelly
 55406 | Slime:5  | Reached skill level 14 in Evocations
 55457 | Slime:5  | Reached skill level 15 in Evocations
 55593 | Slime:5  | Identified the amulet of Anopt {rC+ rN+ MR- Regen+} (You found it on level 5 of the Pits of Slime)
 55594 | Slime:5  | no
 55594 | Slime:5  | thanks
 55623 | Slime:5  | Identified the cursed +1 morningstar of Sloth {antimagic, MP+9 Dex+5} (You found it on level 5 of the Pits of Slime)
 55626 | Slime:5  | ohh
 55626 | Slime:5  | antimagic you say
 55690 | Slime:5  | Identified the Disquisition on the Mutagenic Glacier
 55740 | Slime:5  | Learned a level 1 spell: Summon Butterflies
 55748 | Slime:5  | Got a slimy rune of Zot
 55758 | Slime:5  | Identified Sif Muna's Almanac of the Rocks
 56266 | Depths:3 | Noticed Margery
 56286 | Depths:3 | Killed Margery
 56286 | Depths:3 | Received a gift from Okawaru
 56412 | Depths:3 | Reached skill level 16 in Evocations
 56650 | Depths:4 | oops, forgot to change training
 56844 | Depths:5 | Entered Level 5 of the Depths
 56879 | Depths:5 | Found a gateway to a ziggurat.
 56956 | Depths:5 | Found a gate to the Realm of Zot.
 56977 | Depths:5 | Reached skill level 16 in Armour
 57176 | Depths:5 | Reached skill level 12 in Dodging
 57195 | Depths:5 | Reached XP level 26. HP: 201/220 MP: 35/35
 57209 | Depths:5 | Received a gift from Okawaru
 57389 | Zot:1    | Entered Level 1 of the Realm of Zot
 57669 | Zot:2    | Reached skill level 21 in Fighting
 58004 | Zot:4    | Received a gift from Okawaru
 58218 | Zot:3    | Received a gift from Okawaru
 58550 | Zot:4    | Received a gift from Okawaru
 58587 | Zot:4    | Identified the +3 triple crossbow of Powul {god gift, venom, rC+ Str+4} (Okawaru gifted it to you on level 4 of the Realm of Zot)
 58588 | Zot:4    | venom
 58588 | Zot:4    | pffffffffffffft
 58908 | Zot:4    | okay, fuck it
 58908 | Zot:4    | i'm back to clearing depths
 58908 | Zot:4    | no need to risk a win
 59194 | Depths:5 | Noticed a juggernaut
 59213 | Depths:5 | Killed a juggernaut
 59279 | Depths:5 | Noticed Boris
 59295 | Depths:5 | Killed Boris
 59295 | Depths:5 | Reached skill level 19 in Crossbows
 59469 | Depths:5 | Reached XP level 27. HP: 228/229 MP: 35/35
 60050 | Depths:5 | Received a gift from Okawaru
 60172 | Depths:4 | Received a gift from Okawaru
 60199 | Depths:4 | Reached skill level 20 in Crossbows
 60424 | Depths:4 | Received a gift from Okawaru
 60461 | Depths:4 | Identified the +0 chain mail of Integrity {rElec rPois} (You found it on level 4 of the Depths)
 60685 | Depths:4 | Reached skill level 21 in Crossbows
 60861 | Depths:4 | Received a gift from Okawaru
 61110 | Depths:4 | Received a gift from Okawaru
 61685 | Depths:4 | Received a gift from Okawaru
 61883 | Depths:3 | Received a gift from Okawaru
 61893 | Depths:3 | Found an ornate altar of the Wu Jian Council.
 61893 | Depths:3 | Found a hide-covered altar of Uskayaw.
 61894 | Depths:3 | Found a shimmering altar of Xom.
 61896 | Depths:3 | Found a one-way gate leading to the halls of Pandemonium.
 61933 | Depths:3 | Reached skill level 22 in Crossbows
 62018 | Depths:3 | Noticed Xtahua
 62033 | Depths:3 | Killed Xtahua
 62364 | Depths:3 | Noticed a juggernaut
 62376 | Depths:3 | Killed a juggernaut
 62376 | Depths:3 | Reached skill level 8 in Invocations
 62392 | Depths:3 | Reached skill level 9 in Invocations
 62401 | Depths:3 | Noticed a juggernaut
 62422 | Depths:3 | Killed a juggernaut
 62436 | Depths:3 | Reached skill level 10 in Invocations
 62488 | Depths:3 | Noticed Mara
 62500 | Depths:3 | Killed Mara
 62505 | Depths:3 | Reached skill level 11 in Invocations
 62589 | Depths:3 | Reached skill level 12 in Invocations
 62700 | Depths:3 | Reached skill level 13 in Invocations
 62704 | Depths:3 | Noticed a juggernaut
 62712 | Depths:3 | Killed a juggernaut
 62712 | Depths:3 | Received a gift from Okawaru
 62712 | Depths:3 | Received a gift from Okawaru
 62786 | Depths:3 | Reached skill level 14 in Invocations
 63006 | Depths:3 | Received a gift from Okawaru
 63051 | Depths:3 | Identified the +5 battleaxe of True Grit {speed, rPois rF+ SInv Stlth-} (You took it off an ogre mage on level 3 of the Depths)
 63052 | Depths:3 | damn
 63077 | Depths:3 | Reached skill level 15 in Invocations
 63318 | Depths:2 | Found Qupatz's Jewellery Emporium.
 63324 | Depths:2 | Found Yngie's Antique Armour Shoppe.
 63332 | Depths:2 | Bought the ring of Shaolin {EV+8} for 2688 gold pieces
 63346 | Depths:2 | Received a gift from Okawaru
 63350 | Depths:2 | ohhhhhh
 63620 | Depths:2 | Noticed a juggernaut
 63624 | Depths:2 | Killed a juggernaut
 63626 | Depths:2 | Reached skill level 22 in Fighting
 63686 | Depths:2 | Found Qiof's Distillery.
 63687 | Depths:2 | Noticed a juggernaut
 63694 | Depths:2 | Killed a juggernaut
 64244 | Zot:1    | Received a gift from Okawaru
 64511 | Zot:1    | Reached skill level 17 in Armour
 64621 | Zot:1    | Reached skill level 13 in Dodging
 65093 | Zot:2    | Noticed an orb of fire
 65094 | Zot:2    | Gained mutation: Scrolls take you a little longer to read. [an orb of fire]
 65102 | Zot:2    | Killed an orb of fire
 65103 | Zot:2    | jesus
 65103 | Zot:2    | in two shots
 65841 | Zot:3    | Received a gift from Okawaru
 66278 | Zot:4    | Received a gift from Okawaru
 66300 | Zot:4    | Reached skill level 18 in Armour
 66304 | Zot:4    | Reached skill level 14 in Dodging
 66373 | Zot:4    | Identified the +2 pair of boots of Hikhobop {god gift, -Cast rPois rN+ Str+2} (Okawaru gifted it to you on level 4 of the Realm of Zot)
 66373 | Zot:4    | instead of running?
 66373 | Zot:4    | hmmmmmmmmm
 66376 | Zot:4    | no
 66975 | Zot:4    | Reached skill level 16 in Invocations
 67362 | Zot:5    | Entered Level 5 of the Realm of Zot
 67521 | Zot:5    | Reached skill level 17 in Invocations
 67718 | Zot:5    | Received a gift from Okawaru
 67733 | Zot:5    | Noticed an ancient lich
 67740 | Zot:5    | Killed an ancient lich
 67740 | Zot:5    | Reached skill level 18 in Invocations
 67801 | Zot:5    | Noticed an orb of fire
 67808 | Zot:5    | Killed an orb of fire
 67819 | Zot:5    | the plan is to just do the whole zot:5 on hero/finesse
 67819 | Zot:5    | hence the invo training
 67826 | Zot:5    | because with finesse this crossbow is absolutely retarded
 67839 | Zot:5    | Noticed an orb of fire
 67853 | Zot:5    | Killed an orb of fire
 67867 | Zot:5    | Reached skill level 19 in Armour
 67867 | Zot:5    | Reached skill level 15 in Dodging
 68032 | Zot:5    | Received a gift from Okawaru
 68102 | Zot:5    | Noticed an orb of fire
 68103 | Zot:5    | Killed an orb of fire
 68103 | Zot:5    | Received a gift from Okawaru
 68104 | Zot:5    | 2 fucking shots
 68104 | Zot:5    | i think i could do extended with just that too
 68104 | Zot:5    | maybe with pproj
 68105 | Zot:5    | Noticed an orb of fire
 68111 | Zot:5    | Killed an orb of fire
 68111 | Zot:5    | Reached skill level 20 in Armour
 68111 | Zot:5    | Reached skill level 16 in Dodging
 68141 | Zot:5    | Reached skill level 2 in Spellcasting
 68144 | Zot:5    | Reached skill level 6 in Necromancy
 68145 | Zot:5    | Noticed an orb of fire
 68149 | Zot:5    | Killed an orb of fire
 68149 | Zot:5    | Reached skill level 6 in Charms
 68179 | Zot:5    | Noticed an ancient lich
 68179 | Zot:5    | Killed an ancient lich
 68179 | Zot:5    | Reached skill level 3 in Spellcasting
 68394 | Zot:5    | Reached skill level 7 in Charms
 68394 | Zot:5    | Reached skill level 7 in Necromancy
 68585 | Zot:5    | Lost mutation: You expend magic power (3 MP) to strengthen your wands. [potion of mutation]
 68585 | Zot:5    | Lost mutation: Scrolls take you a little longer to read. [potion of mutation]
 68585 | Zot:5    | Gained mutation: Your magical capacity is low. (-10% MP) [potion of mutation]
 68585 | Zot:5    | Gained mutation: You possess an exceptional clarity of mind. [potion of mutation]
 68585 | Zot:5    | Gained mutation: Your muscles are strong. (Str +2) [potion of mutation]
 68585 | Zot:5    | Gained mutation: You are partially covered in large bone plates. (SH +4) [potion of mutation]
 68590 | Zot:5    | Got the Orb of Zot
 68797 | Depths:5 | Reached skill level 4 in Spellcasting
 68920 | Depths:2 | Reached skill level 8 in Necromancy
 68925 | Depths:2 | Reached skill level 8 in Charms
 69044 | D:13     | Received a gift from Okawaru
 69045 | D:13     | jesus
 69045 | D:13     | one shot
 69045 | D:13     | Identified the +1 pair of boots "Kiafy" {god gift, rPois rC++} (Okawaru gifted it to you on level 13 of the Dungeon)
 69349 | D:$      | Escaped with the Orb!

Vault maps used:
D:1:      scummos_arrival_checkerplants
D:2:      kennysheep_big_flooded_room
D:3:      lemuel_upstairs_altar, amethyst_overflow_temple_binary
D:5:      minmay_temple_entry_butterflies, basic_altar, first_bread,
          serial_bayou_crossing
D:6:      nicolae_qazlal_eye_of_the_storm, serial_shops, shop, shop, shop,
          hex_tiny, kennysheep_another_room, kennysheep_generic_room_14,
          uniq_edmund, uniq_crazy_yiuf_cottage, uniq_eustachio
D:7:      kennysheep_mini_moat, lemuel_crystal_altar, serial_shops, shop,
          grunt_ogre_cave
D:8:      vehumet_altar_wand_db, grunt_lair_entry_orc_guard_hut, uniq_grum,
          uniq_prince_ribbit1
D:9:      serial_shops, shop_statue, shop_coins, shop_fountains, shop_coins,
          special_room, lemuel_tele_altar
D:10:     erik_orc_1, nicolae_trove_entry_path_of_doom
D:11:     serial_shops, shop, roderic_batcave
D:12:     lightli_bailey_entry_fortress, special_room, minmay_gold_behind_fungi
D:13:     lightli_vaults_fourway_checkpoint
D:14:     serial_shops, nicolae_shop_crystal, fedhas_altar_4, uniq_azrael
D:15:     hangedman_depths_entry_try_elsewhere_first, serial_shops,
          nicolae_shop_statue_plus, elyvilon_altar_1, uniq_louise
Temple:   nicolae_temple_x_marks_the_god
Lair:1:   portal_ice_cave_entry_imps, minmay_lair_oklob_chamber
Lair:2:   minmay_shoals_entry_lonely_mermaid, dummy_snake_entry,
          infiniplex_staircase_pool
Lair:3:   minmay_another_anthill, uniq_nergalle, uniq_fannar
Lair:4:   lemuel_fruit_tree, serial_bayou_shore_b, infiniplex_staircase_pool_2
Lair:5:   grunt_megastairs_4
Lair:6:   gammafunk_lair_ancient_temple, nicolae_slime_entry_slimehenge,
          grunt_forest_large_clearings, uniq_josephine, uniq_kirke
Shoals:1: serial_shops, bzr_entry_lakeside
Shoals:2: uniq_nikola
Shoals:3: st_sunken_huts
Shoals:4: shoals_end_grunt_garden, shoals_ilsuiw_ice, uniq_polyphemus
Snake:1:  serial_shops, shop
Snake:2:  serial_bayou_lake_a, uniq_vashnia, uniq_asterion, uniq_aizul
Snake:3:  grunt_ministairs_8
Snake:4:  snake_pit
Slime:4:  dissolution_awaits
Orc:1:    nicolae_orc_lost_temple
Orc:2:    grunt_orc_community_town_hall, grunt_orc_community_big_house_2,
          grunt_orc_community_big_house_1, grunt_orc_community_house_1,
          grunt_orc_community_house_3, grunt_orc_community_house_2,
          grunt_orc_community_house_2, basic_altar, serial_shops, shop
Elf:1:    eino_elf_arrival_shootout, serial_shops, shop, orc_legates,
          uniq_frances
Elf:3:    minmay_elf_hall_furrowed, serial_shops, bzr_entry_water,
          uniq_saint_roka, uniq_donald
Vaults:1: nicolae_vaults_mini_display_case, nicolae_vaults_bisected_slash,
          v_misc_30, nicolae_vaults_network_quinsquares,
          vaults_mumra_minichess_inversion, v_misc_18, v_misc_3, v_misc_13,
          ontoclasm_vaults_hangar, ontoclasm_vaults_shout, basic_altar,
          uniq_jorgrun
Vaults:2: ontoclasm_vaults_pinch, nicolae_vaults_statue_guard,
          nicolae_vaults_circle_grid_b, vaults_standard_mumra_x,
          vaults_room_mumra_shop_pool, v_misc_1, vaults_dpeg_doors,
          vaults_mumra_chevron, minmay_crypt_entry_simple_walls, v_misc_25,
          grunt_vaults_funnel, vaults_room_corners,
          nicolae_vaults_border_crossing, serial_shops, shop, shop, shop,
          nicolae_shop_trees, uniq_sojobo
Vaults:3: v_misc_24, nicolae_vaults_circle_grid_b, vaults_dpeg_diagonal,
          nicolae_vaults_ring_of_whatevers, vaults_room_grunt_arrival_ludios,
          v_rooms_3, vaults_mumra_minichess, vaults_mumra_hex, v_misc_2
Vaults:4: hangedman_vaults_corner_blocks, ontoclasm_vaults_tryst,
          hangedman_vaults_nodes, v_misc_5, nicolae_vaults_alarming,
          serial_ice_h, stair_cage_open, nicolae_vaults_murderbox
Depths:1: hangedman_box_tower, abyss_entry, hell_entry,
          hangedman_abyss_or_decor_clamps, kennysheep_generic_room_5
Depths:2: minmay_mutant_horseshoe, pf_hell_entry_great_geh, serial_shops, shop,
          shop, shop, shop, shop_fountains, kennysheep_random_hallway
Depths:3: hangedman_slaughterboxes, abyss_entry, hell_entry, pan_entry,
          uniq_xtahua, uniq_margery, uniq_mara
Depths:4: minmay_spiral_squares, nicolae_abyss_entry_one_way_or_another,
          hell_entry, basic_stair_grate_trap, minmay_staircase_windowed_small
Depths:5: grunt_x_marks_the_spot, enter_ziggurat_f, minmay_misc_feat_encased,
          abyss_entry, hell_entry, minmay_splitting_lines, minmay_metal_thing,
          serial_bayou_shore_b, uniq_boris
Zot:4:    evilmike_crystal_ball_defense
Bazaar:   bazaar_kb_twisted_cavern, bazaar_minmay_generic_d
Bailey:   bailey_polearm_flooded_kennysheep, bailey
IceCv:    ice_cave_small_giant

Skill      XL: |  1  2  3  4  5  6  7  8  9 10 11 12 13 14 15 16 17 18 19 20 21 22 23 24 25 26 27 |
---------------+----------------------------------------------------------------------------------+-----
Stealth        | 2 |  2.0
Spellcasting   | 1 4 |  4.5
Maces & Flails | 1 2 3 4 6 7 8 9 11 12 13 15 16 17 18 | 18.7
Shields        | 4 7 9 12 15 | 15.0
Fighting       | 3 4 6 10 12 13 14 15 16 19 20 21 22 | 22.4
Armour         | 2 3 5 7 8 10 13 15 16 20 | 20.0
Invocations    | 4 7 18 | 18.1
Evocations     | 6 8 9 10 11 12 13 16 | 16.5
Dodging        | 3 4 7 8 10 11 12 16 | 16.0
Crossbows      | 2 9 12 15 17 18 19 22 | 22.5
Charms         | 5 8 |  8.6
Necromancy     | 5 8 |  8.5
Polearms       | |  2.0
Conjurations   | |  1.0
Fire Magic     | |  4.0

Action                   |  1- 3 |  4- 6 |  7- 9 | 10-12 | 13-15 | 16-18 | 19-21 | 22-24 | 25-27 || total
-------------------------+-------+-------+-------+-------+-------+-------+-------+-------+-------++-------
Melee: Dagger            |    28 |       |       |       |       |       |       |       |       ||    28
       Club              |     5 |       |       |       |       |       |       |       |       ||     5
       Mace              |    78 |   128 |   184 |       |       |       |       |       |       ||   390
       Flail             |       |       |   305 |   783 |       |       |       |       |       ||  1088
       Whip              |       |       |    19 |       |       |       |       |       |       ||    19
       Dire flail        |       |       |       |   427 |   104 |    35 |  1624 |  1435 |  1798 ||  5423
       Eveningstar       |       |       |       |       |  1696 |  1663 |       |       |       ||  3359
       Morningstar       |       |       |       |       |       |       |       |       |     7 ||     7
 Fire: Blowgun           |       |       |     5 |     1 |       |       |       |       |       ||     6
       Arbalest          |       |       |       |       |       |     1 |       |    86 |    75 ||   162
       Heavy crossbow    |       |       |       |       |       |       |       |       |   644 ||   644
       Triple crossbow   |       |       |       |       |       |       |       |       |     4 ||     4
Throw: Tomahawk          |       |     3 |    12 |     2 |       |       |       |       |       ||    17
       Throwing net      |       |       |       |       |     1 |     1 |       |       |       ||     2
 Cast: Flame Tongue      |    11 |       |       |       |       |       |       |       |       ||    11
       Regeneration      |       |       |       |       |       |       |       |       |     1 ||     1
Invok: Heroism           |       |       |     2 |    11 |    17 |    18 |    22 |     8 |    33 ||   111
       Finesse           |       |       |       |     1 |     1 |     2 |     2 |       |    10 ||    16
 Abil: Dig               |     1 |       |       |       |       |       |       |       |       ||     1
       Shaft Self        |     1 |       |       |       |       |       |       |       |       ||     1
Evoke: Wand              |       |     4 |     4 |     6 |     7 |    14 |     7 |     3 |    16 ||    61
       Lamp of fire      |       |       |       |       |       |     3 |     2 |     1 |     2 ||     8
       Phial of floods   |       |       |       |       |       |     1 |       |       |       ||     1
       Lightning rod     |       |       |       |       |       |       |     4 |       |       ||     4
       Phantom mirror    |       |       |       |       |       |       |       |       |     1 ||     1
  Use: Scroll            |     5 |     2 |     3 |    16 |     8 |     6 |     9 |    24 |    31 ||   104
       Potion            |     1 |     1 |       |     2 |     3 |     1 |     2 |       |    10 ||    20
 Stab: Held in net/web   |       |       |       |       |     1 |       |       |       |       ||     1
       Confused          |       |       |       |       |       |     8 |     3 |       |       ||    11
       Paralysed         |       |       |       |       |       |     2 |       |       |       ||     2
       Distracted        |       |       |       |       |       |       |       |     1 |       ||     1
  Eat: Chunk             |     6 |     3 |     9 |    21 |    35 |    21 |    24 |    19 |    10 ||   148
       Bread ration      |       |     1 |     1 |       |       |       |       |     2 |     5 ||     9
       Fruit             |       |       |       |     2 |       |     7 |       |     1 |     3 ||    13
       Royal jelly       |       |       |       |     1 |     1 |     3 |       |     1 |     3 ||     9
       Meat ration       |       |       |       |       |       |       |       |       |     3 ||     3
Armor: Robe              |     9 |       |       |       |       |       |       |       |       ||     9
       Scale mail        |    40 |    50 |    92 |       |       |       |       |       |       ||   182
       Plate armour      |       |       |    69 |   334 |   121 |       |    38 |   233 |   386 ||  1181
       Chain mail        |       |       |       |       |   231 |   286 |   157 |       |       ||   674
       Crystal plate arm |       |       |       |       |       |       |   143 |       |       ||   143
Dodge: Dodged            |    58 |    48 |   177 |   245 |   415 |   378 |   386 |   456 |   809 ||  2972
Block: Other             |       |    17 |    33 |       |       |       |       |       |       ||    50
       Reflection        |       |     1 |     2 |    19 |    52 |   159 |   155 |   105 |    60 ||   553
       Shield            |       |       |   142 |   890 |  1068 |       |       |       |       ||  2100
       Large shield      |       |       |       |       |    51 |  1364 |  1262 |  1015 |  1641 ||  5333
